 Dungeon Crawl Stone Soup version 0.20.1-1-g8b1a95d (webtiles) character file.

611 tidbits the Insei (level 7, -6/53 HPs)
             Began as a Demigod Transmuter on Aug 20, 2017.
             Mangled by ThereIsNoGod's ghost (25 damage)
             ... on level 6 of the Dungeon.
             The game lasted 00:17:30 (2001 turns).

tidbits the Insei (Demigod Transmuter)              Turns: 2001, Time: 00:17:31

Health: -6/53      AC:  2    Str: 13    XL:     7   Next: 0%
Magic:  0/13       EV: 26    Int: 21    God:
Gold:   148        SH:  0    Dex: 26    Spells: 4/10 levels left

rFire    . . .     SeeInvis .     - Unarmed
rCold    . . .     Gourm    +   (shield currently unavailable)
rNeg     . . .     Faith    .   (armour currently unavailable)
rPois    x         Spirit   .   (helmet currently unavailable)
rElec    .         Reflect  .   (cloak currently unavailable)
rCorr    .         Harm     .   (gloves currently unavailable)
MR       .....     Clarity  +   (boots currently unavailable)
Stlth    +++.......             m - amulet of the gourmand
Regen    0.2/turn               (no ring)
MPRegen  0.2/turn               (no ring)

@: agile, lethally poisoned (-6 -> -8), spider-form, hasted, very quick
A: clarity, high mp 1
a: End Transformation


You were on level 6 of the Dungeon.
You were not hungry.
You were a venomous arachnid creature.
You visited 1 branch of the dungeon, and saw 6 of its levels.
You also visited: Sewer.

You collected 148 gold pieces.

Inventory:

Hand Weapons
 s - a +0 blowgun
Missiles
 a - 89 arrows
 q - 2 throwing nets (quivered) {!f}
Armour
 b - a +0 robe (melded)
 j - a +0 ring mail
 r - a +0 buckler
Jewellery
 k - an uncursed amulet of guardian spirit
   (You found it on level 2 of the Dungeon)
 m - an amulet of the gourmand (around neck)
   (You found it on level 2 of the Dungeon)
Wands
 o - a wand of iceblast (5/15)
 u - a wand of random effects (16/48)
Scrolls
 e - 2 scrolls of teleportation
 g - a scroll of noise {unknown}
Potions
 f - 5 potions of curing
 i - a potion of brilliance
 n - 3 potions of flight
 t - a potion of haste
Books
 c - a book of Changes

   Spells                             Type                      Level
   a - Beastly Appendage              Transmutation                1
   b - Sticks to Snakes               Transmutation                2
   c - Spider Form                    Transmutation/Poison         3
   d - Ice Form                       Ice/Transmutation            4
   e - Blade Hands                    Transmutation                5
Comestibles
 d - 3 bread rations
 h - 2 meat rations
 v - 2 chunks of flesh


   Skills:
 + Level 1.8 Fighting
 + Level 2.5 Dodging
 * Level 6.1 Unarmed Combat
 - Level 2.0 Spellcasting
 - Level 3.8 Transmutations


You had 4 spell levels left.
You knew the following spells:

 Your Spells              Type           Power        Failure   Level  Hunger
e - Beastly Appendage     Tmut           ###...       11%         1    #......
k - Sticks to Snakes      Tmut           ###.....     14%         2    ##.....
p - Spider Form           Tmut/Pois      ##........   41%         3    ###....


Dungeon Overview and Level Annotations

Branches:
Dungeon (6/15)             Temple (0/1) D:4

Annotations:
D:6 Edmund; ThereIsNoGod's ghost, novice GrFi


Innate Abilities, Weirdness & Mutations

You have an increased reservoir of magic. (+10% MP)
((You have sharp toenails.))
You possess an exceptional clarity of mind.


Message History

Your ball python bites the orc wizard.
Your ball python barely misses the orc wizard.
The orc wizard closely misses you.
Items here: )) / [ †† You hit the orc wizard.
The orc wizard looks as sick as possible!
The orc wizard is severely wounded.
Your transformation is almost over.
You kill the orc wizard!
You have reached level 7!
Found a stone staircase leading down.
Things that are here:
a dagger; a robe
o - a wand of iceblast (?/15)
Items here: )) [ †† a hand axe of freezing; a dagger; a robe; an orc corpse x2
Butcher an orc corpse? [(y)es/(c)hoosy/(n)o/(a)ll/(e)dible/(q)uit/?]
Butcher an orc corpse? [(y)es/(c)hoosy/(n)o/(a)ll/(e)dible/(q)uit/?]
Okay, then.
You butcher the orc corpse.
v - 3 chunks of flesh
Items here: )) [ ÷ † a hand axe of freezing; a dagger; a robe; an orc skeleton; an orc corpse Unknown command.
Eat one of 3 chunks of flesh? (ye/n/q)
You eat one of the 3 chunks of flesh.
This raw flesh tastes great.
You see here a morningstar.
Items here: )) [ ÷ † a hand axe of freezing; a dagger; a robe; an orc skeleton; an orc corpse Your transformation has ended.
Your +0 robe unmelds from your body.
There is a stone staircase leading down here.
You climb downwards.
Your summoned ally is left behind.
You hear the hiss of flowing sand.
There is an entrance to an ossuary on this level.
Hurry and find it before the portal is buried!
A worker ant and Edmund come into view.
Edmund is wielding a flail of protection.
Edmund shouts!
You hear a shout!
There is a stone staircase leading up here.
An ogre comes into view. It is wielding a giant club.
The worker ant bites you but does no damage.
Casting: Sticks to Snakes
Confirm with . or Enter, or press ? or * to list all spells.
You create a snake!
You now have 89 arrows.
The worker ant bites you but does no damage.
Casting: Sticks to Snakes
Confirm with . or Enter, or press ? or * to list all spells.
You don't have enough magic to cast that spell.
ThereIsNoGod's ghost (novice Gargoyle Fighter) comes into view.
It is wielding a weapon of protection.
Your adder bites the worker ant.
The worker ant bites you.
* * * LOW HITPOINT WARNING * * *
You are poisoned.
The worker ant poisons you!
You feel sick.
Your adder closely misses the worker ant.
The worker ant bites your adder.
You feel sick.
Your adder barely misses the worker ant.
The ogre completely misses your adder.
The worker ant closely misses your adder.
You feel sick.
Your adder barely misses the worker ant.
The worker ant closely misses your adder.
The ogre hits your adder with a giant club!
Your adder dies!
You feel yourself speed up.
You feel sick.
It was a potion of agility.
You feel agile all of a sudden.
You feel sick.
You feel sick.
Okay, then.
Casting: Sticks to Snakes
Confirm with . or Enter, or press ? or * to list all spells.
You turn into a venomous arachnid creature.
Your +0 robe melds into your body.
It was a potion of mutation.
You feel extremely strange.
Your thoughts seem clearer.
Your toenails lengthen and sharpen.
You hit ThereIsNoGod's ghost but do no damage.
You feel sick.
ThereIsNoGod's ghost closely misses you.
You hit ThereIsNoGod's ghost but do no damage.
You hit ThereIsNoGod's ghost but do no damage.
ThereIsNoGod's ghost completely misses you.
You hit ThereIsNoGod's ghost but do no damage.
ThereIsNoGod's ghost completely misses you.
You hit ThereIsNoGod's ghost but do no damage.
You feel sick.
You hit ThereIsNoGod's ghost but do no damage.
ThereIsNoGod's ghost barely misses you.
You hit ThereIsNoGod's ghost but do no damage.
You hit ThereIsNoGod's ghost.
ThereIsNoGod's ghost is lightly damaged.
ThereIsNoGod's ghost misses you.
You hit ThereIsNoGod's ghost but do no damage.
ThereIsNoGod's ghost is lightly damaged.
You hit ThereIsNoGod's ghost.
ThereIsNoGod's ghost is lightly damaged.
ThereIsNoGod's ghost hits you!!
You die...

#.#.W.....
#.##..#.#.
#.# .##
#.# . #@#
.# #O# #
#a# #W#
#s# #.#
#.# #.#
#.# #.#
#.# #.#


You could see Edmund, an ogre, a worker ant and ThereIsNoGod's ghost.

Vanquished Creatures
  The ghost of ThereIsNoGod the Chopper, an amateur DrBe of Trog (D:3)
  Duvessa (D:4)
  A big kobold (Sewer)
  Dowan (D:4)
  A hound (D:5)
  3 orc wizards
  A worker ant (D:4)
  Terence (D:1)
  A hound skeleton (D:4)
  2 adders (D:3)
  2 gnolls (D:4)
  A worm (D:3)
  A dart slug (D:2)
  3 leopard geckos
  4 orcs
  4 giant cockroaches
  3 goblins
  3 hobgoblins
  5 jackals
  A quokka (D:2)
  7 bats
  3 frilled lizards
  9 kobolds
  7 rats
66 creatures vanquished.

Vanquished Creatures (collateral kills)
  A gnoll (D:4)
  An adder (D:3)
  A jackal (D:2)
3 creatures vanquished.

Grand Total: 69 creatures vanquished

Notes
Turn   | Place    | Note
-------+----------+-------------------------------------------
     0 | D:1      | tidbits the Demigod Transmuter began the quest for the Orb.
     0 | D:1      | Reached XP level 1. HP: 15/15 MP: 5/5
   124 | D:1      | Reached skill level 3 in Unarmed Combat
   298 | D:2      | Noticed Terence
   445 | D:1      | Killed Terence
   445 | D:1      | Reached XP level 2. HP: 9/22 MP: 5/7
   461 | D:2      | Reached XP level 3. HP: 11/27 MP: 8/8
   502 | D:2      | HP: 1/27 [dart slug/slug dart (5)]
   507 | D:2      | Learned a level 2 spell: Sticks to Snakes
   515 | D:2      | Found a faded altar of an unknown god.
   524 | D:2      | HP: 2/27 [bat (1)]
   528 | D:2      | Reached skill level 2 in Spellcasting
   537 | D:2      | HP: 1/27 [jackal (2)]
   565 | D:2      | Learned a level 3 spell: Spider Form
   656 | D:2      | Found a deep blue altar of Sif Muna.
   806 | D:1      | Reached skill level 4 in Unarmed Combat
   877 | D:2      | Found a shattered altar of Ashenzari.
   877 | D:2      | Found a stormy altar of Qazlal.
   880 | D:2      | Found a basalt altar of Yredelemnul.
   881 | D:2      | Found a glowing silver altar of Zin.
   938 | D:3      | Reached skill level 2 in Transmutations
   950 | D:3      | Found an opulent altar of Gozag.
  1021 | D:4      | Reached XP level 4. HP: 27/34 MP: 2/9
  1057 | D:3      | HP: 2/34 [orc wizard/dagger (5)]
  1070 | D:3      | Noticed ThereIsNoGod's ghost (amateur DrBe)
  1079 | D:3      | HP: 2/34 [orc/flail (6)]
  1106 | D:4      | Noticed Dowan
  1155 | D:4      | Found a glowing drain.
  1174 | Sewer    | Entered a sewer
  1257 | Sewer    | Noticed a big kobold
  1302 | Sewer    | Killed a big kobold
  1302 | Sewer    | Reached skill level 3 in Transmutations
  1302 | Sewer    | Reached XP level 5. HP: 26/39 MP: 6/10
  1355 | Sewer    | Found a white marble altar of Elyvilon.
  1473 | D:3      | Killed ThereIsNoGod's ghost
  1473 | D:3      | Reached skill level 5 in Unarmed Combat
  1473 | D:3      | Reached XP level 6. HP: 19/46 MP: 2/11
  1665 | D:4      | Reached skill level 1 in Fighting
  1752 | D:4      | Found a staircase to the Ecumenical Temple.
  1861 | D:4      | Noticed Duvessa
  1873 | D:4      | Killed Duvessa
  1873 | D:4      | Reached skill level 2 in Dodging
  1877 | D:4      | Killed Dowan
  1895 | D:5      | Entered Level 5 of the Dungeon
  1922 | D:5      | Reached skill level 6 in Unarmed Combat
  1951 | D:5      | Reached XP level 7. HP: 24/53 MP: 0/13
  1969 | D:6      | Noticed Edmund
  1978 | D:6      | Noticed ThereIsNoGod's ghost (novice GrFi)
  1991 | D:6      | Gained mutation: You possess an exceptional clarity of mind. [potion of mutation]
  1991 | D:6      | Gained mutation: You have sharp toenails. [potion of mutation]
  2001 | D:6      | Mangled by ThereIsNoGod's ghost

Skill      XL: |  1  2  3  4  5  6 |
---------------+-------------------+-----
Unarmed Combat | 3 4 5 6 |  6.1
Spellcasting   | 2 |  2.0
Transmutations | 2 3 |  3.8
Fighting       | 1 |  1.8
Dodging        | 2 |  2.5

Action                   |  1- 3 |  4- 6 |  7- 9 || total
-------------------------+-------+-------+-------++-------
Melee: Unarmed           |    65 |   103 |    10 ||   178
       Kick              |     5 |       |       ||     5
       Headbutt          |     3 |       |       ||     3
 Cast: Beastly Appendage |    11 |       |       ||    11
       Spider Form       |     7 |    18 |     1 ||    26
       Sticks to Snakes  |     2 |    10 |     1 ||    13
  Use: Potion            |     2 |     2 |     3 ||     7
       Scroll            |     3 |     3 |       ||     6
 Stab: Sleeping          |       |     1 |       ||     1
  Eat: Chunk             |     1 |     5 |     1 ||     7
       Royal jelly       |       |     1 |       ||     1
Armor: Robe              |    14 |     3 |     2 ||    19
       Skin              |     2 |     2 |       ||     4
Dodge: Dodged            |    65 |    79 |     5 ||   149

Table legend:
 A = Turns spent in this place as a percentage of turns spent in the entire game.
 B = Non-inter-level travel turns spent in this place as a percentage of non-inter-level travel turns spent in the entire game.
 C = Inter-level travel turns spent in this place as a percentage of turns spent in this place.
 D = Turns resting spent in this place as a percentage of non-inter-level travel turns spent in this place.
 E = Turns spent auto-exploring this place as a percentage of non-inter-level travel turns spent in this place.
 F = Non-inter-level travel turns spent in this place divided by the number of levels of this place that you've seen.
                   A       B       C       D       E      F
               +-------+-------+-------+-------+-------+----------------------
         Total | 100.0 | 100.0 |   0.2 |   0.0 |   0.0 | 269.1
       Dungeon |  90.5 |  90.4 |   0.2 |   0.0 |   0.0 | 284.0
         Sewer |   9.5 |   9.6 |   0.0 |   0.0 |   0.0 | 180.0
               +-------+-------+-------+-------+-------+----------------------

Table legend:
 A = Kills in this place as a percentage of kills in entire the game.
 B = Kills by you in this place as a percentage of kills by you in the entire game.
 C = Kills by friends in this place as a percentage of kills by friends in the entire game.
 D = Other kills in this place as a percentage of other kills in the entire game.
 E = Experience gained in this place as a percentage of experience gained in the entire game.
 F = Experience gained in this place divided by the number of levels of this place that you have seen.
                   A       B       C       D       E      F
               +-------+-------+-------+-------+-------+----------------------
         Total | 100.0 | 100.0 | 100.0 |  -nan | 100.0 | 124.9
       Dungeon |  87.0 |  86.4 | 100.0 |  -nan |  88.0 | 128.2
         Sewer |  13.0 |  13.6 |   0.0 |  -nan |  12.0 | 105.0
               +-------+-------+-------+-------+-------+----------------------

Vault maps used:
D:1:      saegor_arrival_simple_d, serial_co_window_serial, co_window_paths_a,
          co_window_corner_a, co_window_of_opportunity_a, co_window_paths_b,
          co_window_paths_a, co_window_paths_b, co_window_paths_a,
          co_window_of_opportunity_b, co_window_corner_ca, co_window_broadway_a,
          glass_columns_a, glass_columns_c, glass_columns_a
D:2:      minitemple, led_sif_pool, chequers_ecumenical_altar_simple_redux,
          uniq_terence
D:3:      grunt_gozag_statues
D:4:      kennysheep_little_box, gammafunk_temple_overflow_wave,
          lightli_temple_of_fire, minmay_temple_entry_fiery, first_bread,
          portal_sewer_entry_f, uniq_duvessa
D:5:      nemelex_diamond_rough_becter
D:6:      nicolae_ossuary_entry_catacombs, uniq_sigmund, uniq_edmund,
          uniq_blork_the_orc, uniq_pikel
Sewer:    sewer_kobolds
